 Dungeon Crawl Stone Soup version 0.23.2-33-g5129a83184 (webtiles) character file.

Game seed: 8221318459555761126

182 Hebeh the Conjurer (level 5, -1/28 HPs)
             Began as a Deep Elf Conjurer on June 28, 2019.
             Slain by Natasha (5 damage)
             ... on level 3 of the Dungeon.
             The game lasted 00:11:50 (2792 turns).

Hebeh the Conjurer (Deep Elf Conjurer)              Turns: 2792, Time: 00:11:51

Health: -1/28      AC:  2    Str:  5    XL:     5   Next: 34%
Magic:  11/15      EV: 13    Int: 21    God:
Gold:   77         SH:  0    Dex: 15    Spells: 14/15 levels left

rFire    . . .     SeeInvis .   q - +0 hunting sling
rCold    . . .     Gourm    .   (no shield)
rNeg     . . .     Faith    .   h - +0 robe
rPois    .         Spirit   .   (no helmet)
rElec    .         Reflect  .   (no cloak)
rCorr    .         Harm     .   (no gloves)
MR       .....                  (no boots)
Stlth    ++........             (no amulet)
HPRegen  0.09/turn              (no ring)
MPRegen  0.14/turn              (no ring)

@: slowed, very slow
A: no striking features
a: no special abilities


You were on level 3 of the Dungeon.
You were hungry.

You visited 1 branch of the dungeon, and saw 3 of its levels.

You collected 77 gold pieces.

Inventory:

Hand Weapons
 a - a +4 dagger
 q - a +0 hunting sling (weapon)
 r - a cursed -2 hunting sling
Missiles
 b - 101 stones (quivered)
 f - 50 arrows
Armour
 h - a +0 robe (worn)
 o - a +0 helmet
Scrolls
 d - a scroll of teleportation {unknown}
 e - a scroll of fear {unknown}
 i - a scroll of remove curse {unknown}
 j - a scroll of amnesia {unknown}
 k - a scroll of enchant weapon {unknown}
 l - 5 scrolls of identify {unknown}
 m - a scroll of blinking {unknown}
Potions
 g - a potion of degeneration {unknown}
 n - a potion of berserk rage {unknown}
 s - a potion of brilliance {unknown}
Comestibles
 c - 5 rations
 p - 2 chunks of flesh


   Skills:
 - Level 2.4 Dodging
 - Level 2.4 Stealth
 + Level 5.7 Spellcasting
 + Level 6.0 Conjurations


You had 14 spell levels left.
You knew the following spells:

 Your Spells              Type           Power        Failure   Level  Hunger
a - Magic Dart            Conj           ####         1%          1    None

Your spell library contained the following spells:

 Spells                   Type           Power        Failure   Level  Hunger
 Searing Ray              Conj           ####..       1%          2    None
 Dazzling Spray           Conj/Hex       ###...       9%          3    ##.....
 Iskenderun's Mystic Bla  Conj           ####....     9%          4    ####...
 Force Lance              Conj/Tloc      ###.....     28%         4    ####...
 Fulminant Prism          Conj/Hex       ###.......   28%         4    ####...


Dungeon Overview and Level Annotations

Branches:
Dungeon (3/15)

Altars:
Ashenzari
Dithmenos

Annotations:
D:2 1 runed translucent door, Crazy Yiuf
D:3 Natasha


Message History

The white imp closely misses you.
Casting: Magic Dart (safe; 1% risk of failure)
Confirm with . or Enter, or press ? or * to list all spells.
Aiming: Magic Dart (safe; 1% risk of failure)
Press: ? - help, Shift-Dir - straight line, f/p - Natasha
Aim: Natasha (moderately wounded)
The magic dart hits Natasha.
Natasha is severely wounded.
Natasha drinks a potion.
Natasha is healed!
The white imp gestures at you. The puff of frost misses you.
Casting: Magic Dart (safe; 1% risk of failure)
Confirm with . or Enter, or press ? or * to list all spells.
Aiming: Magic Dart (safe; 1% risk of failure)
Press: ? - help, Shift-Dir - straight line, f/p - Natasha
Aim: Natasha (moderately wounded)
The magic dart hits Natasha.
Natasha is moderately wounded.
Natasha barely misses you. The white imp barely misses you. Natasha claws you.
You die...

####### .....####
######## #....).#
#.......
##.#.##.####.######
#5@..........#
#.h#.##.###### ##
.......##.# #.
####.......# #.
#.####### #. ..(
####### ###. .##.
#....<# #... .(
#.....# #.##
#.....# #.#


You could see Natasha and a white imp.

Vanquished Creatures
  An orc wizard (D:3)
  Natasha (D:3)
  Robin (D:2)
  2 adders (D:2)
  2 oozes
  4 worms
  A dart slug (D:2)
  A leopard gecko (D:1)
  5 orcs (D:3)
  2 giant cockroaches (D:1)
  12 goblins
  8 hobgoblins
  5 jackals (D:1)
  7 kobolds
  A ball python (D:1)
  7 bats
  4 frilled lizards
  7 rats
71 creatures vanquished.

Notes
Turn   | Place    | Note
-------+----------+-------------------------------------------
     0 | D:1      | Hebeh the Deep Elf Conjurer began the quest for the Orb.
     0 | D:1      | Reached XP level 1. HP: 10/10 MP: 6/6
   123 | D:1      | Reached XP level 2. HP: 15/15 MP: 4/8
   568 | D:1      | Reached skill level 5 in Conjurations
   568 | D:1      | Reached XP level 3. HP: 19/19 MP: 2/10
  1375 | D:2      | Found a shattered altar of Ashenzari.
  1501 | D:2      | Noticed Robin
  1557 | D:2      | Reached XP level 4. HP: 23/24 MP: 2/12
  1704 | D:2      | Killed Robin
  1829 | D:2      | Reached skill level 5 in Spellcasting
  1877 | D:2      | Found a runed translucent door.
  1878 | D:2      | Noticed Crazy Yiuf
  2477 | D:3      | Found a shadowy altar of Dithmenos.
  2515 | D:3      | Reached XP level 5. HP: 24/28 MP: 2/15
  2661 | D:3      | Noticed Natasha
  2665 | D:3      | Killed Natasha
  2665 | D:3      | Reached skill level 6 in Conjurations
  2783 | D:3      | Noticed Natasha
  2792 | D:3      | Slain by Natasha

Skill      XL: |  1  2  3  4  5 |
---------------+----------------+-----
Spellcasting   | 4 5 |  5.7
Conjurations   | 5 6 |  6.0
Dodging        | |  2.4
Stealth        | |  2.4

Action                   |  1- 3 |  4- 6 || total
-------------------------+-------+-------++-------
Melee: Unarmed           |     3 |       ||     3
       Dagger            |       |     5 ||     5
 Fire: Hunting sling     |       |    15 ||    15
 Cast: Magic Dart        |    84 |    71 ||   155
  Eat: Chunk             |     2 |     3 ||     5
Armor: Robe              |     3 |     3 ||     6
Dodge: Dodged            |    10 |    19 ||    29
